 Dungeon Crawl Stone Soup version 0.28.0-49-g6dfe1f597d (webtiles) character file.

Game seed: 3512063624018399833

388 Exodus22XD the Poker (level 6, -1/46 HPs)
             Began as a Demonspawn Gladiator on May 15, 2022.
             Was a Believer of Uskayaw.
             Slain by an orc
             ... wielding a +0 trident
              (8 damage)
             ... on level 5 of the Dungeon.
             The game lasted 00:04:44 (4705 turns).

Exodus22XD the Poker (Demonspawn Gladiator)         Turns: 4705, Time: 00:04:45

Health: -1/46      AC:  4    Str: 16    XL:     6   Next: 49%
Magic:  3/6        EV: 13    Int: 10    God:    Uskayaw [**....]
Gold:   303        SH:  0    Dex: 14    Spells: 5/5 levels left

rFire   . . .      SeeInvis .   a - +0 trident
rCold   . . .      Faith    .   (no shield)
rNeg    . . .      Spirit   .   b - +0 leather armour
rPois   .          Reflect  .   (helmet restricted)
rElec   .          Harm     .   (no cloak)
rCorr   .          Rampage  .   q - +0 pair of gloves
Will    .....                   (no boots)
Stlth   ++........              (no amulet)
HPRegen 0.15/turn               (no ring)
MPRegen 0.10/turn               (no ring)

@: mighty
A: hooves 1, horns 1, foul stench 2, demonic touch 1
a: Renounce Religion, Stomp, Line Pass


You were on level 5 of the Dungeon.
You worshipped Uskayaw.
Uskayaw was noncommittal.
You visited 2 branches of the dungeon, and saw 6 of its levels.

You collected 331 gold pieces.
You spent 28 gold pieces at shops.

Inventory:

Hand Weapons
 a - a +0 trident (weapon)
Missiles
 d - 3 throwing nets (quivered)
Armour
 b - a +0 leather armour (worn)
 q - a +0 pair of gloves (worn)
Scrolls
 c - a scroll of fear
 h - 4 scrolls of teleportation
 j - a scroll of blinking
 m - a scroll of vulnerability
 o - a scroll of fog
Potions
 e - a potion of mutation
 f - a potion of curing {unknown}
 g - a potion of might
 i - a potion of attraction {unknown}
 k - a potion of flight {unknown}
 l - 2 potions of resistance


   Skills:
 + Level 2.9 Fighting
 + Level 4.5 Polearms
 + Level 1.7 Throwing
 + Level 2.2 Armour
 + Level 3.7 Dodging
 + Level 2.2 Stealth
 * Level 1.0 Invocations


You had 5 spell levels left.
You didn't know any spells.
Your spell library contained the following spells:

 Spells                   Type           Power      Damage    Failure   Level
 Sandblast                Erth           0%         2d4       43%         1
 Passwall                 Tmut/Erth      0%         N/A       56%         2
 Stone Arrow              Conj/Erth      0%         3d7       80%         3


Dungeon Overview and Level Annotations

Branches:
Dungeon (5/15)             Temple (1/1) D:4

Altars:
Ashenzari
Cheibriados
Dithmenos
Elyvilon
Gozag
Hepliaklqana
Kikubaaqudgha
Makhleb
Okawaru
Qazlal
Ru
Sif Muna
Trog
Uskayaw
Vehumet
Xom
Yredelemnul
Zin
The Shining One

Shops:
D:1 (   D:5 *

Portals:
Abyss: D:4

Annotations:
D:4 2 transporters


Innate Abilities, Weirdness & Mutations

You have large cloven feet.
You have a pair of small horns on your head.
You sometimes emit foul miasma when damaged in melee.
Your touch may inflict minor irresistible damage on your foes.


Message History

The orc barely misses you.
You feel sick.
Things that are here:
a +0 hand axe; a +0 leather armour; an orc corpse You feel sick.
You are no longer poisoned.
You hit the scorpion zombie. Your kick misses the scorpion zombie.
You headbutt the scorpion zombie.
You touch the scorpion zombie.
The scorpion zombie is heavily damaged.
The scorpion zombie hits you.
* * * LOW HITPOINT WARNING * * *
You emit a cloud of foul miasma!
The orc misses you.
You can now pass through a line of other dancers.
Okay, then.
Okay, then.
You hit the ogre but do no damage. You kick the ogre.
Your touch misses the ogre.
The ogre is lightly wounded.
The scorpion zombie barely misses you. The orc barely misses you.
The ogre closely misses you.
Okay, then.
You hit the scorpion zombie but do no damage.
The scorpion zombie is heavily damaged.
The scorpion zombie hits you!
* * * LOW HITPOINT WARNING * * *
You can no longer pass through a line of other dancers.
Okay, then.
You hit the ogre. Your kick misses the ogre.
The ogre is moderately wounded.
The ogre closely misses you.
Okay, then.
You feel very mighty all of a sudden. The ogre closely misses you.
You puncture the ogre!
The ogre is severely wounded.
You can now pass through a line of other dancers.
You hit the ogre. You headbutt the ogre.
You kill the ogre!
The orc hits you from afar with a +0 trident!
You die...

#...♣$..♣.###
####..#.........
#........♣.'...
#......o...#
#.......oo.#
#####Z###).# #. ..
#o###..### #....
#.)......# #....
+.o@>....+ ####....
#####†####
.....####+########.#
.....#........#....#
<....#....(...#....#
†....'........'....#
.....########.###..#
............#.###..##
............#.......#


You could see 2 orcs and a scorpion zombie.

Vanquished Creatures
  An ogre (D:5)
  2 scorpions
  A hound (D:4)
  An orc priest (D:2)
  An iguana (D:4)
  A hound zombie (D:5)
  A mummy (D:3)
  7 adders
  An adder skeleton (D:4)
  A worm (D:2)
  A dart slug (D:3)
  11 orcs
  7 endoplasms
  3 giant cockroaches
  8 goblins
  2 hobgoblins (D:1)
  10 jackals
  2 quokkas
  4 ball pythons
  5 bats
  2 frilled lizards (D:2)
  3 kobolds
  12 rats
87 creatures vanquished.

Notes
Turn   | Place    | Note
-------+----------+-------------------------------------------
     0 | D:1      | Exodus22XD the Demonspawn Gladiator began the quest for the
                  | Orb.
     0 | D:1      | Reached XP level 1. HP: 16/16 MP: 1/1
   508 | D:1      | Found Besm's Weapon Shop.
   581 | D:1      | Found a faded altar of an unknown god.
   639 | D:1      | Discovered your monstrous ancestry.
   639 | D:1      | Gained mutation: You have a pair of small horns on your
                  | head. [demonic ancestry]
   639 | D:1      | Reached XP level 2. HP: 18/22 MP: 2/2
   963 | D:2      | Gained mutation: You may rarely emit foul miasma when
                  | damaged in melee. [demonic ancestry]
   963 | D:2      | Reached XP level 3. HP: 2/27 MP: 3/3
  1306 | D:2      | Reached skill level 3 in Polearms
  1831 | D:2      | Reached skill level 1 in Armour
  1979 | D:2      | Reached skill level 1 in Stealth
  1979 | D:2      | Gained mutation: You have large cloven feet. [demonic
                  | ancestry]
  1979 | D:2      | Reached XP level 4. HP: 26/33 MP: 4/4
  2822 | D:3      | Gained mutation: You sometimes emit foul miasma when
                  | damaged in melee. [demonic ancestry]
  2822 | D:3      | Reached XP level 5. HP: 30/39 MP: 5/5
  3025 | D:3      | Found a snail-covered altar of Cheibriados.
  3430 | D:4      | Reached skill level 4 in Polearms
  3602 | D:4      | Gained mutation: Your touch may inflict minor irresistible
                  | damage on your foes. [demonic ancestry]
  3602 | D:4      | Reached XP level 6. HP: 45/46 MP: 6/6
  3862 | D:4      | Found a staircase to the Ecumenical Temple.
  3885 | Temple   | Entered the Ecumenical Temple
  3893 | Temple   | Became a worshipper of Uskayaw the Reveller
  3927 | D:4      | Found a transporter.
  4021 | D:4      | Found a transporter.
  4021 | D:4      | Found a one-way gate to the infinite horrors of the Abyss.
  4139 | D:4      | Reached * piety under Uskayaw
  4417 | D:5      | Entered Level 5 of the Dungeon
  4417 | D:5      | Found Xalel's General Store.
  4445 | D:5      | Bought a scroll of identify for 28 gold pieces
  4686 | D:5      | Reached ** piety under Uskayaw
  4689 | D:5      | Reached skill level 1 in Invocations
  4705 | D:5      | Slain by an orc

Illustrated notes

Levels and vault maps discovered:
D:1:      lightli_arrival_boilingwater, layout_loops_ring, serial_shops, shop,
          hellmonk_ecumenical_altar_inner_sanctum, minmay_misc_feat_tiny
D:2:      layout_basic, minmay_rat_gold_closets
D:3:      layout_rooms, slow_altar_1
D:4:      layout_basic, minmay_temple_entry_large_hall,
          gammafunk_ghost_abyssal_escape
D:5:      layout_gridville, gup_sewer_entry_glass, serial_shops, shop_coins,
          grunt_ministairs_2, uniq_ijyb
Temple:   nicolae_temple_no_exploring_needed

Skill      XL: |  1  2  3  4  5  6 |
---------------+-------------------+-----
Dodging        | 3 |  3.7
Polearms       | 3 4 |  4.5
Armour         | 1 2 |  2.2
Stealth        | 1 2 |  2.2
Invocations    | 1 |  1.0
Fighting       | |  2.9
Throwing       | |  1.7

Action                   |  1- 3 |  4- 6 || total
-------------------------+-------+-------++-------
Melee: Trident           |   114 |   156 ||   270
       Headbutt          |    14 |    12 ||    26
       Punch             |     2 |     1 ||     3
       Kick              |       |    35 ||    35
       Touch             |       |    10 ||    10
Invok: Line Pass         |       |     1 ||     1
  Use: Scroll            |       |     9 ||     9
       Potion            |       |     1 ||     1
 Stab: Sleeping          |     6 |     9 ||    15
Armor: Leather armour    |    29 |    17 ||    46
Dodge: Dodged            |    50 |    76 ||   126
